 Dungeon Crawl Stone Soup version 0.31.0-32-g396128a36d (webtiles) character file.

Game seed: 1186359460429102494

18267 spaghetti the Reanimator (level 12, -1/103 (105) HPs)
             Began as a Pale Draconian Chaos Knight on Mar 13, 2024.
             Was a Plaything of Xom.
             Slain by a spectral alligator snapping turtle (33 damage)
             ... called from beyond by a ghost crab
             ... on level 10 of the Dungeon.
             The game lasted 00:17:11 (12705 turns).

spaghetti the Reanimator (DrCK)                    Turns: 12705, Time: 00:17:11

HP:   -1/103 (105)  AC: 10    Str: 19    XL:     12   Next: 26%
MP:   13/21         EV: 19    Int: 21    God:    Xom [..*...]
Gold: 637           SH:  0    Dex: 15    Spells: 6/23 levels left

rFire   + . .        h - +10 short sword "Gimouh" {freeze, rPois Will- SInv}
rCold   + . .        (no shield)
rNeg    . . .        (body armour unavailable)
rPois   +            B - +0 hat
rElec   +            y - +0 cloak
rCorr   .            (no gloves)
SInv    +            v - +0 pair of boots
Will    .....        (no amulet)
Stlth   +            t - +5 ring of evasion
HPRegen 0.37/turn    n - ring of wizardry
MPRegen 0.17/turn

%: wizardry (x1)
@: about to teleport, death channelling, animating dead, flying, lightly drained
A: breathe steam, AC +8, unfitting armour, cold-blooded, steam resistance, big
wings, stinger 1, talons 1, agile 2, clever 2, cold resistance 1, fire
resistance 1, strong-willed 1, robust 1, electricity resistance, strong 2, wild
magic 1, MP-powered wands
a: Breathe Steam, Renounce Religion


You were on level 10 of the Dungeon.
You worshipped Xom.
You were a toy of Xom.
You visited 1 branch of the dungeon, and saw 10 of its levels.

You collected 835 gold pieces.
You spent 198 gold pieces at shops.

Inventory:

Hand Weapons
 a - a +0 falchion of chaos
 h - the +10 short sword "Gimouh" (weapon) {freeze, rPois Will- SInv}
   (You found it on level 2 of the Dungeon)

   rPois:     It protects you from poison Will-: It decreases your willpower.
   SInv:      It lets you see invisible.
 k - a +2 great sword of chaos
Missiles
 b - 2 boomerangs
 p - 45 stones
 q - 6 curare-tipped darts
 w - 2 javelins
Armour
 v - a +0 pair of boots (worn)
 y - a +0 cloak (worn)
 B - a +0 hat (worn)
Magical Staves
 A - a staff of death
Jewellery
 g - a ring of willpower
 i - a ring of flight
 n - a ring of wizardry (right hand)
 t - a +5 ring of evasion (left hand)
 F - an amulet of guardian spirit
Talismans
 e - a granite talisman
Wands
 f - a wand of charming (15)
 r - a wand of light (8)
 x - a wand of iceblast (6)
 z - a wand of mindburst (9)
 E - a wand of flame (12)
Scrolls
 d - 2 scrolls of immolation
 l - a scroll of blinking
 o - 3 scrolls of fog
 s - 3 scrolls of identify
 u - a scroll of teleportation
 D - a scroll of vulnerability
 I - a scroll of brand weapon
Potions
 c - a potion of brilliance
 j - 3 potions of attraction
 m - a potion of cancellation
Miscellaneous
 C - a lightning rod (1/4)


   Skills:
 + Level 6.3 Fighting
 - Level 11.0(11.3) Short Blades
 - Level 3.8(8.0) Long Blades
 + Level 4.7 Dodging
 - Level 6.0 Spellcasting
 - Level 12.0 Necromancy
 - Level 8.0 Evocations
 - Level 1.6 Shapeshifting


You had 6 spell levels left.
You knew the following spells:

 Your Spells              Type           Power      Damage    Failure   Level
a - Animate Dead          Necr           65%        N/A       1%          4
b - Death Channel         Necr           32%        N/A       6%          6
c - Blink                 Tloc           16%        N/A       9%          2
d - Borgnjor's Vile Clut  Necr/Erth      20%        N/A       12%         5

Your spell library contained the following spells:

 Spells                   Type           Power      Damage    Failure   Level
 Cigotuvi's Dreadful Rot  Necr/Alch/Air  60%        N/A       1%          2
 Magic Dart               Conj           32%        1d4       6%          1
 Call Imp                 Summ           16%        N/A       9%          2
 Olgreb's Toxic Radiance  Alch           8%         N/A       41%         4
 Passage of Golubria      Tloc           8%         N/A       41%         4
 Silence                  Hex/Air        4%         N/A       75%         5
 Eringya's Noxious Bog    Alch           4%         4d6       99%         6
 Lehudib's Crystal Spear  Conj/Erth      4%         10d3      100%        8


Dungeon Overview and Level Annotations

Branches:
Dungeon (10/15)            Temple (0/1) D:5            Lair (0/5) D:10
    Orc (0/2) D:10

Altars:
Makhleb
Ru
Xom

Shops:
D:5 (   D:6 [   D:10 ?

Portals:
Trove: D:10 (give +3 gold dragon scales)


Innate Abilities, Weirdness & Mutations

You can breathe blasts of scalding, opaque steam.
Your pale cyan-grey scales are hard. (AC +8)
You cannot fit into any form of body armour.
You are cold-blooded and may be slowed by cold attacks.
You are immune to the effects of steam.
Your large and strong wings let you fly.
Your tail ends in a venomous barb.
You have sharp toenails.
You are very agile. (Dex +8, Str/Int -2)
Your mind is very acute. (Int +8, Str/Dex -2)
Your flesh is cold resistant. (rC+)
Your flesh is heat resistant. (rF+)
You are strong-willed. (Will+)
You are robust. (+10% HP)
You are resistant to electric shocks. (rElec)
Your muscles are very strong. (Str +8, Int/Dex -2)
Your spells are a little harder to cast, but a little more powerful.
You expend magic power (3 MP) to strengthen your wands.


Message History

The spectral unseen horror hits you but does no damage.
The ghost crab breathes spectral mist at you.
The spectral mist engulfs you. The spectral unseen horror misses you.
You barely miss the ghost crab.
The ghost crab is heavily damaged.
You are engulfed in spectral mist.
The spectral unseen horror fades away!
The spectral centaur fades away!
You hit the ghost crab. You freeze the ghost crab.
The ghost crab is heavily damaged.
You are engulfed in spectral mist.
The ghost crab breathes spectral mist at you.
The spectral mist engulfs you.
You hit the ghost crab. You freeze the ghost crab.
The ghost crab is heavily damaged.
You are engulfed in spectral mist.
The spectral alligator snapping turtle bites you from afar!
You hit the ghost crab but do no damage.
The ghost crab is heavily damaged.
You are engulfed in spectral mist.
Xom guffaws.
Nothing appears to happen.
The ghost crab bites you. The ghost crab misses you.
Okay, then.
As you read the scroll of teleportation, it crumbles to dust.
You feel strangely unstable.
You are engulfed in spectral mist.
You have got your breath back.
The spectral snapping turtle bites you.
The spectral alligator snapping turtle misses you.
The ghost crab barely misses you.
The ghost crab claws you but does no damage.
You puncture the ghost crab! You freeze the ghost crab.
The ghost crab is severely damaged.
You are engulfed in spectral mist.
The spectral snapping turtle completely misses you.
You barely miss the ghost crab.
The ghost crab is severely damaged.
You are engulfed in spectral mist.
The spectral centaur warrior fades away!
The spectral alligator snapping turtle bites you from afar!!
You die...
Xom snickers!

####..##.#######.#.#.#
#.[[).#.#,, #.#.#.#
#..[..#.# ** ,#.#...#
##.....#.#, ∆* #.##.##
#......#.#∆ ∆ ,#.##.#
#....<.#.#,*∆* #.##.#
....#..#.#,*∆ #Z##.#
.#.....#.# *∆ ,#Z##.#
.####.##.#, ,∆∆#@##.#
.......#.# *#t##.#
..###..#.#tt○☼°Z○#..#
..###..#[#########.##
.......#.........'.#
#####.##############
#####.# ......#
#######


You could see a ghost crab, a spectral snapping turtle (summoned), a spectral
alligator snapping turtle (summoned) and a spectral centaur (summoned).

Vanquished Creatures
  2 entropy weavers (D:10)
  2 centaur warriors (D:9)
  A death knight (D:9)
  2 two-headed ogres
  6 fire crabs (D:10)
  3 manticores (D:9)
  A cyclops (D:9)
  A komodo dragon (D:10)
  A hornet (D:8)
  A slime creature (D:9)
  A wyvern (D:9)
  A shadow (D:9)
  4 yaks
  A vampire mosquito (D:9)
  Edmund (D:5)
  5 orc warriors
  A black bear (D:7)
  An ice beast (D:6)
  A swamp drake (D:10)
  A sky beast (D:7)
  2 ogres
  5 centaurs
  3 kobold brigands
  6 bullfrogs
  2 gnoll sergeants (D:9)
  A scorpion (D:6)
  7 killer bees
  3 howler monkeys (D:10)
  3 bombardier beetles
  2 hounds (D:5)
  2 gnoll boudas
  A cerulean imp (D:5)
  4 orc priests
  7 jellies
  A sleepcap (D:5)
  13 orc wizards
  6 iguanas
  20 gnolls
  8 adders
  An ufetubus (D:5)
  A ribbon worm (D:2)
  4 dart slugs
  36 orcs
  5 ball pythons
  12 endoplasms
  5 giant cockroaches
  4 hobgoblins
  13 kobolds
  6 quokkas
  A ball python (shapeshifter) (D:9)
  6 bats
  3 frilled lizards
  3 goblins (D:2)
  9 rats
242 creatures vanquished.

Vanquished Creatures (collateral kills)
  A two-headed ogre (D:8)
  Pikel (D:7)
  A manticore (D:9)
  Jeremiah (D:7)
  A troll (D:9)
  2 yaks (D:9)
  2 steam dragons (D:9)
  Menkaure (D:7)
  2 orc warriors (D:10)
  A sky beast (D:7)
  An ice beast (D:6)
  2 lemures (D:7)
  3 bullfrogs
  3 killer bees
  A howler monkey (D:7)
  A bombardier beetle (D:7)
  A hound (D:7)
  An orc wizard (D:10)
  5 gnolls
  4 orcs
  A kobold (D:7)
36 creatures vanquished.

Vanquished Creatures (others)
  An ugly thing (D:9)
  A centaur zombie (D:9)
  An entropy weaver zombie (D:10)
  An orc warrior (D:9)
  A fire crab zombie (D:10)
  A gnoll sergeant (D:9)
  4 yak zombies (D:9)
  An orc wizard (D:9)
  A gnoll zombie (D:9)
  A ball python zombie (D:9)
  5 kobold zombies
  9 orc zombies
27 creatures vanquished.

Grand Total: 305 creatures vanquished

Notes
Turn   | Place    | Note
-------+----------+-------------------------------------------
     0 | D:1      | spaghetti the Draconian Chaos Knight began the quest for
                  | the Orb.
     0 | D:1      | Reached XP level 1. HP: 19/19 MP: 1/1
    56 | D:1      | XOM: smoke on damage
   266 | D:1      | Reached XP level 2. HP: 26/26 MP: 2/2
   443 | D:1      | Reached skill level 1 in Shapeshifting
   488 | D:1      | XOM: divination: detect creatures
   801 | D:1      | XOM: smoke on damage
   855 | D:2      | Identified the +10 short sword "Gimouh" {freeze, rPois
                  | Will- SInv}
   903 | D:2      | Found a sacrificial altar of Ru.
   939 | D:2      | Reached XP level 3. HP: 31/31 MP: 3/3
   959 | D:2      | Found a faded altar of an unknown god.
  1018 | D:2      | XOM: god gift: +1 great sword of chaos
  1205 | D:2      | Reached skill level 1 in Short Blades
  1481 | D:2      | XOM: give mutations
  1481 | D:2      | Gained mutation: Your mind is acute. (Int +4, Str/Dex -1)
                  | [Xom's grace]
  1481 | D:2      | Gained mutation: You expend magic power (3 MP) to
                  | strengthen your wands. [Xom's grace]
  1481 | D:2      | Gained mutation: Your mind is very acute. (Int +8, Str/Dex
                  | -2) [Xom's grace]
  1481 | D:2      | Gained mutation: You are strong-willed. (Will+) [Xom's
                  | grace]
  1488 | D:2      | XOM: god gift: +2 battleaxe of chaos
  1642 | D:3      | Noticed Terence
  1643 | D:3      | Terence changed into Terence the bat
  1643 | D:3      | Noticed Terence
  1643 | D:3      | XOM: polymorph Terence -> Terence the bat
  1649 | D:3      | Killed Terence the bat
  1710 | D:3      | Reached XP level 4. HP: 33/38 MP: 4/4
  1805 | D:3      | XOM: stat loss: -1 Str (12/13)
  1969 | D:3      | Found a sacrificial altar of Ru.
  2352 | D:4      | XOM: confuse monster(s)
  2383 | D:4      | XOM: god gift: clear potion {god gift}
  2473 | D:3      | XOM: scenery: summon butterflies
  2552 | D:4      | Reached XP level 5. HP: 45/45 MP: 5/5
  2679 | D:4      | XOM: smoke on damage
  2684 | D:4      | XOM: summons friendly quasit
  2699 | D:4      | XOM: torment (16/45 hp)
  2866 | D:4      | XOM: god gift: 6 stones
  2868 | D:4      | XOM: 5-stop teleportation journey
  2900 | D:4      | Reached skill level 5 in Short Blades
  2900 | D:4      | Reached XP level 6. HP: 38/51 MP: 6/6
  3422 | D:5      | Entered Level 5 of the Dungeon
  3422 | D:5      | Noticed Edmund
  3514 | D:5      | Your scales start taking on a pale cyan-grey colour.
  3514 | D:5      | Reached XP level 7. HP: 43/57 MP: 7/7
  3514 | D:5      | Gained mutation: You are immune to the effects of steam.
                  | [Pale Draconian growth]
  3522 | D:5      | XOM: destruction
  3616 | D:5      | Found Helovo's Hydra Hut.
  3616 | D:5      | XOM: 3-stop teleportation journey
  3814 | D:5      | Killed Edmund
  3832 | D:5      | Found a staircase to the Ecumenical Temple.
  3832 | D:5      | XOM: 1-stop teleportation journey
  4019 | D:5      | Found a burning altar of Makhleb.
  4144 | D:5      | Noticed a seven-headed hydra
  4187 | D:5      | Reached XP level 8. HP: 58/63 MP: 8/8
  4287 | D:5      | XOM: 3-stop teleportation journey
  4468 | D:5      | XOM: polymorph ufetubus -> cerulean imp
  4469 | D:5      | XOM: confusion (+ monsters)
  4474 | D:5      | Identified the +2 leather armour of Peoloij {+Blink rPois
                  | rN+ Stlth-}
  4524 | D:5      | XOM: give mutations
  4524 | D:5      | Gained mutation: You are clumsy. (Dex -2) [Xom's mischief]
  4524 | D:5      | Gained mutation: You sometimes lose your temper in combat.
                  | [Xom's mischief]
  4524 | D:5      | Lost mutation: You are strong-willed. (Will+) [Xom's
                  | mischief]
  4524 | D:5      | Gained mutation: Your large and strong wings let you fly.
                  | [Xom's mischief]
  4669 | D:6      | XOM: stealth player
  4837 | D:6      | XOM: summons 8 friendly demons
  4840 | D:6      | Reached skill level 10 in Short Blades
  4984 | D:6      | Found Qalusch's Antique Armour Shop.
  4993 | D:6      | Bought a pair of boots for 94 gold pieces
  5307 | D:6      | XOM: give mutations
  5307 | D:6      | Gained mutation: Your tail ends in a venomous barb. [Xom's
                  | mischief]
  5307 | D:6      | Gained mutation: Your tail ends in a sharp venomous barb.
                  | [Xom's mischief]
  5307 | D:6      | Lost mutation: You are clumsy. (Dex -2) [Xom's mischief]
  5436 | D:6      | Learned a level 4 spell: Animate Dead
  5639 | D:6      | XOM: god gift: 2 javelins
  5738 | D:6      | XOM: give mutations
  5738 | D:6      | Gained mutation: You have large cloven feet. [Xom's grace]
  5738 | D:6      | Gained mutation: You have hoof-like feet. [Xom's grace]
  5738 | D:6      | Gained mutation: Your tail ends in a wickedly sharp and
                  | venomous barb. [Xom's grace]
  5738 | D:6      | Lost mutation: You have hoof-like feet. [Xom's grace]
  5738 | D:6      | Lost mutation: You have large cloven feet. [Xom's grace]
  5738 | D:6      | Gained mutation: You have sharp toenails. [Xom's grace]
  5894 | D:7      | Reached skill level 1 in Necromancy
  5895 | D:7      | Noticed Jeremiah
  5901 | D:7      | Reached XP level 9. HP: 70/70 MP: 8/10
  5905 | D:7      | Killed Jeremiah
  5906 | D:7      | Reached skill level 3 in Necromancy
  6086 | D:7      | Noticed Menkaure
  6090 | D:7      | Reached skill level 4 in Necromancy
  6101 | D:7      | Killed Menkaure
  6101 | D:7      | Noticed Pikel
  6108 | D:7      | Reached skill level 5 in Necromancy
  6113 | D:7      | Killed Pikel
  6117 | D:7      | Reached skill level 6 in Necromancy
  6138 | D:7      | Learned a level 6 spell: Death Channel
  6172 | D:7      | Your ally Pikel died
  7152 | D:8      | Noticed a two-headed ogre
  7157 | D:8      | XOM: give mutations
  7157 | D:8      | Gained mutation: You have hidden genetic potential. [Xom's
                  | grace]
  7157 | D:8      | Gained mutation: You are agile. (Dex +4, Str/Int -1) [Xom's
                  | grace]
  7157 | D:8      | Lost mutation: You sometimes lose your temper in combat.
                  | [Xom's grace]
  7157 | D:8      | Gained mutation: Your flesh is cold resistant. (rC+) [Xom's
                  | grace]
  7161 | D:8      | Killed a two-headed ogre
  7162 | D:8      | Reached skill level 7 in Necromancy
  7162 | D:8      | Reached XP level 10. HP: 77/77 MP: 5/17
  7251 | D:8      | XOM: god gift: 36 gold pieces
  7260 | D:8      | Learned a level 2 spell: Blink
  7332 | D:8      | XOM: give mutations
  7332 | D:8      | Gained mutation: Your spells are a little harder to cast,
                  | but a little more powerful. [Xom's grace]
  7332 | D:8      | Gained mutation: You have a beak for a mouth. [Xom's grace]
  7332 | D:8      | Gained mutation: You are robust. (+10% HP) [Xom's grace]
  7332 | D:8      | Gained mutation: You are resistant to electric shocks.
                  | (rElec) [Xom's grace]
  7356 | D:8      | Identified the +1 flail "Qotez" {flame, rElec rPois Str-4}
  7618 | D:9      | Reached skill level 1 in Evocations
  7622 | D:9      | Reached skill level 5 in Spellcasting
  7626 | D:9      | Reached skill level 8 in Necromancy
  7689 | D:9      | XOM: god gift: lightning rod (4/4)
  7910 | D:9      | XOM: cloud trail
  8090 | D:9      | XOM: torment (43/83 hp)
  8266 | D:9      | XOM: give mutations
  8266 | D:9      | Gained mutation: You passively dampen the noise of your
                  | surroundings. [Xom's grace]
  8266 | D:9      | Gained mutation: Your spells are harder to cast, but more
                  | powerful. [Xom's grace]
  8266 | D:9      | Gained mutation: Your flesh is heat resistant. (rF+) [Xom's
                  | grace]
  8525 | D:9      | Noticed a centaur warrior
  8533 | D:9      | Killed a centaur warrior
  8534 | D:9      | Reached skill level 9 in Necromancy
  8541 | D:9      | Learned a level 5 spell: Borgnjor's Vile Clutch
  8615 | D:9      | Noticed a manticore
  8615 | D:9      | Noticed a brown ugly thing
  8619 | D:9      | Noticed a cyclops
  8627 | D:9      | XOM: cast spell 'Summon Mana Viper'
  8632 | D:9      | Reached skill level 5 in Evocations
  8722 | D:9      | Killed a manticore
  8729 | D:9      | Noticed a manticore
  8743 | D:9      | Killed a manticore
  8744 | D:9      | Reached XP level 11. HP: 32/90 MP: 8/18
  8857 | D:9      | XOM: god gift: 28 gold pieces
  8965 | D:9      | XOM: enchant monster (good)
  8997 | D:9      | Killed a brown ugly thing
  8997 | D:9      | XOM: divine lightning
  9032 | D:9      | Noticed a centaur warrior
  9032 | D:9      | Noticed a death knight
  9034 | D:9      | XOM: fog
  9041 | D:9      | XOM: scenery: create altars
  9045 | D:9      | Killed a centaur warrior
  9046 | D:9      | Reached skill level 10 in Necromancy
  9068 | D:9      | Killed a death knight
  9316 | D:9      | Noticed a two-headed ogre
  9318 | D:9      | XOM: 2-stop teleportation journey
  9415 | D:9      | Killed a two-headed ogre
  9897 | D:9      | XOM: torment (46/90 hp)
  9906 | D:9      | Reached skill level 11 in Necromancy
  9941 | D:9      | XOM: summons 1 hostile shadow creature
 10111 | D:10     | Entered Level 10 of the Dungeon
 10115 | D:10     | Got the Textbook on Venin
 10190 | D:10     | XOM: give mutations
 10190 | D:10     | Gained mutation: Your muscles are strong. (Str +4, Int/Dex
                  | -1) [Xom's grace]
 10190 | D:10     | Gained mutation: You are strong-willed. (Will+) [Xom's
                  | grace]
 10190 | D:10     | Gained mutation: Your muscles are very strong. (Str +8,
                  | Int/Dex -2) [Xom's grace]
 10190 | D:10     | Gained mutation: You are very agile. (Dex +8, Str/Int -2)
                  | [Xom's grace]
 10259 | D:10     | Found a staircase to the Orcish Mines.
 10482 | D:10     | Found a staircase to the Lair.
 10749 | D:10     | XOM: 2-stop teleportation journey
 10824 | D:10     | XOM: 4-stop teleportation journey
 10932 | D:10     | XOM: draining
 11002 | D:10     | Reached skill level 12 in Necromancy
 11112 | D:10     | Noticed a two-headed ogre
 11116 | D:10     | XOM: stat loss: -1 Str (18/19)
 11120 | D:10     | Killed a two-headed ogre
 11219 | D:10     | Found Jepy's Magic Scroll Shoppe.
 11222 | D:10     | Bought a scroll of brand weapon for 104 gold pieces
 11284 | D:10     | Found a portal to a secret trove of treasure.
 11321 | D:10     | Found a runed translucent door.
 11520 | D:10     | Noticed a fire crab
 11522 | D:10     | XOM: cast spell 'Summon Cactus Giant'
 11537 | D:10     | Killed a fire crab
 11693 | D:10     | Noticed an entropy weaver
 11693 | D:10     | Noticed a fire crab
 11696 | D:10     | XOM: silly message
 11704 | D:10     | Killed a fire crab
 11708 | D:10     | Lost mutation: You have a beak for a mouth. [potion of
                  | mutation]
 11708 | D:10     | Lost mutation: You passively dampen the noise of your
                  | surroundings. [potion of mutation]
 11708 | D:10     | Lost mutation: You have hidden genetic potential. [potion
                  | of mutation]
 11708 | D:10     | Lost mutation: Your tail ends in a wickedly sharp and
                  | venomous barb. [potion of mutation]
 11714 | D:10     | Killed an entropy weaver
 11715 | D:10     | Reached XP level 12. HP: 13/101 MP: 11/20
 11981 | D:10     | XOM: silly message
 11986 | D:10     | XOM: give mutations
 11986 | D:10     | Lost mutation: Your tail ends in a sharp venomous barb.
                  | [Xom's mischief]
 11986 | D:10     | Lost mutation: Your spells are harder to cast, but more
                  | powerful. [Xom's mischief]
 12005 | D:10     | Reached skill level 5 in Fighting
 12183 | D:10     | XOM: god gift: 2 boomerangs
 12342 | D:10     | Noticed an entropy weaver
 12349 | D:10     | Killed an entropy weaver
 12379 | D:10     | XOM: cast spell 'Summon Ice Beast'
 12386 | D:10     | XOM: silly message
 12388 | D:10     | XOM: divination: detect items
 12389 | D:10     | Noticed a ghost crab
 12390 | D:10     | XOM: noise
 12391 | D:10     | XOM: divination: magic mapping
 12683 | D:10     | Noticed a ghost crab
 12691 | D:10     | XOM: cast spell 'Cause Fear'
 12702 | D:10     | XOM: cast spell 'Summon Ice Beast'
 12705 | D:10     | Slain by a spectral alligator snapping turtle

Illustrated notes

Levels and vault maps discovered:
D:1:      onia_arrival_mini_maze, layout_basic
D:2:      layout_basic, basic_altar, shapermc_ecumenical_altar_hornbeckon,
          chequers_serial_rivers_micro_b, serial_park_tiny_2,
          minmay_fountain_box, chequers_mini_garden
D:3:      layout_basic, old_standard_altar, uniq_terence
D:4:      layout_loops_ring, enter_ossuary_5, minmay_goblin_kobold_house
D:5:      layout_loops_ring, mainiacjoe_overflow_24_doors,
          minmay_temple_entry_drinking_statues, doesnt_shop_hydraphobe,
          uniq_edmund
D:6:      layout_layer_cave, serial_shops, shop
D:7:      layout_cave_pools, chequers_avenue, uniq_menkaure, uniq_jeremiah,
          uniq_pikel
D:8:      layout_cave_pools
D:9:      minmay_the_grid_plus_closed [minmay_the_grid_slots,
          minmay_the_grid_all_tris, minmay_the_grid_fan,
          minmay_the_grid_minigrid_small, minmay_the_grid_prize_four_corners],
          layout_irregular_city, patterned_corridor
D:10:     gammafunk_mikee_crab_dinner, layout_basic, lair_entry_dummy,
          erik_orc_1, serial_shops, kennysheep_mini, enter_trove_3,
          kennysheep_potato

Skill      XL: |  1  2  3  4  5  6  7  8  9 10 11 12 |
---------------+-------------------------------------+-----
Shapeshifting  | 1 |  1.6
Short Blades   | 1 3 5 6 8 11 | 11.0
Necromancy     | 1 7 9 12 | 12.0
Spellcasting   | 4 5 6 |  6.0
Evocations     | 6 8 |  8.0
Fighting       | 4 6 |  6.3
Dodging        | 3 4 |  4.7
Long Blades    | |  3.8

Action                     |  1- 3 |  4- 6 |  7- 9 | 10-12 || total
---------------------------+-------+-------+-------+-------++-------
  Melee: Falchion          |    51 |       |       |       ||    51
         Tailslap          |     9 |     3 |    27 |    51 ||    90
         Short sword       |    48 |   123 |   215 |   330 ||   716
         Punch             |       |       |     1 |     4 ||     5
         Peck              |       |       |       |    62 ||    62
  Throw: Dart              |       |       |     1 |       ||     1
   Cast: Animate Dead      |       |       |    10 |    11 ||    21
         Death Channel     |       |       |     4 |    26 ||    30
         Blink             |       |       |       |     6 ||     6
Ability: Breathe Steam     |       |       |     6 |    19 ||    25
  Evoke: Wand              |       |       |     1 |     1 ||     2
         Lightning rod     |       |       |       |     5 ||     5
    Use: Scroll            |     3 |     3 |     5 |     3 ||    14
         Potion            |       |     4 |     5 |     5 ||    14
   Stab: Sleeping          |       |       |     1 |       ||     1
         Invisible         |       |       |       |     1 ||     1
 Armour: Skin              |    41 |    51 |    67 |   236 ||   395
  Dodge: Dodged            |    60 |    49 |   105 |   237 ||   451
